 Dungeon Crawl Stone Soup version 0.21.1-1-g345015fe64 (webtiles) character file.

7238 Fymir27 the Covert (level 10, -10/70 HPs)
             Began as a Vampire Enchanter on June 18, 2018.
             Was a Follower of Uskayaw.
             Killed from afar by Harold (40 damage)
             ... with a bolt of fire
             ... on level 10 of the Dungeon on June 19, 2018.
             The game lasted 00:51:44 (12046 turns).

Fymir27 the Covert (Vampire Enchanter)             Turns: 12046, Time: 00:51:44

Health: -10/70     AC:  5    Str:  9    XL:     10   Next: 88%
Magic:  12/17      EV: 15    Int: 21    God:    Uskayaw [*.....]
Gold:   439        SH:  5    Dex: 15    Spells: 9/18 levels left

rFire    . . .     SeeInvis +   a - +1 dagger (venom)
rCold    + + .     Gourm    .   z - +0 buckler
rNeg     + + +     Faith    .   C - +2 robe {rN+}
rPois    ∞         Spirit   .   p - +0 helmet
rElec    .         Reflect  .   (no cloak)
rCorr    .         Harm     .   (no gloves)
MR       +....                  (no boots)
Stlth    +++++++...             (no amulet)
HPRegen  0.00/turn              l - +2 ring of strength
MPRegen  0.15/turn              w - ring of see invisible

@: bloodless, non-regenerating
A: fangs 3, see invisible, unbreathing
a: Bat Form, Stomp, Renounce Religion


You were on level 10 of the Dungeon.
You worshipped Uskayaw.
Uskayaw was noncommittal.
You were bloodless.

You visited 2 branches of the dungeon, and saw 11 of its levels.
You also visited: Ossuary.

You collected 453 gold pieces.
You spent 14 gold pieces at shops.

Inventory:

Hand Weapons
 a - a +1 dagger of venom (weapon)
 b - a +1 hand crossbow of flaming
 r - a +0 dagger of speed
Missiles
 k - 235 stones (quivered)
 y - 39 poisoned needles
 G - 18 bolts
Armour
 p - a +0 helmet (worn)
 z - a +0 buckler (worn)
 C - a +2 robe of positive energy (worn)
 E - the +0 shield "Litionen" {Int+2}
   (You found it on level 7 of the Dungeon)

   It affects your intelligence (+2).
Jewellery
 l - a +2 ring of strength (left hand)
 w - a ring of see invisible (right hand)
Wands
 m - a wand of digging (9)
 o - a wand of acid (4)
 u - a wand of paralysis (12)
 D - a wand of enslavement (9)
 K - a wand of disintegration (4)
Scrolls
 d - a scroll of enchant weapon {unknown}
 e - 5 scrolls of teleportation
 g - 2 scrolls of fog
 h - 6 scrolls of remove curse
 i - a scroll of holy word {unknown}
 v - a scroll of fear {unknown}
 A - 3 scrolls of magic mapping {unknown}
 B - a scroll of blinking {unknown}
 I - a scroll of amnesia {unknown}
 J - a scroll of brand weapon {unknown}
Potions
 f - 4 potions of lignification
 j - 18 potions of blood
 n - 3 potions of ambrosia
 q - 4 potions of heal wounds
 s - 2 potions of curing
 t - a potion of haste {unknown}
 x - a potion of agility {unknown}
 H - 2 potions of might {unknown}
Books
 c - a book of Maledictions

   Spells                             Type                      Level
   a - Corona                         Hexes                        1
   b - Ensorcelled Hibernation        Hexes/Ice                    2
   c - Confuse                        Hexes                        3
   d - Tukima's Dance                 Hexes                        3
   e - Dazzling Spray                 Conjuration/Hexes            3
 F - a book of Battle

   Spells                             Type                      Level
   a - Infusion                       Charms                       1
   b - Shroud of Golubria             Charms/Translocation         2
   c - Song of Slaying                Charms                       2
   d - Spectral Weapon                Hexes/Charms                 3
   e - Regeneration                   Charms/Necromancy            3


   Skills:
 + Level 3.3 Fighting
 + Level 8.2 Short Blades
 - Level 5.0 Dodging
 + Level 11.5 Stealth
 - Level 4.1 Shields
 + Level 4.8 Spellcasting
 + Level 11.3 Hexes
 - Level 5.0 Ice Magic
 + Level 3.4 Invocations


You had 9 spell levels left.
You knew the following spells:

 Your Spells              Type           Power        Failure   Level  Hunger
a - Corona                Hex            ######.      1%          1    None
b - Ensorcelled Hibernat  Hex/Ice        #####.       1%          2    None
c - Confuse               Hex            ######..     1%          3    ##.....
d - Tukima's Dance        Hex            ######..     1%          3    ##.....


Dungeon Overview and Level Annotations

Branches:
Dungeon (10/15)            Temple (1/1) D:6
   Lair: D:8-11         Orc: D:9-12

Altars:
Ashenzari
Dithmenos
Elyvilon
Fedhas
Gozag
Hepliaklqana
Kikubaaqudgha
Makhleb
Nemelex Xobeh
Okawaru
Qazlal
Ru
Sif Muna
Trog
Uskayaw
Vehumet
Wu Jian
Xom
Yredelemnul
Zin
The Shining One

Shops:
D:6 *   D:8 %

Annotations:
D:10 Harold


Innate Abilities, Weirdness & Mutations

You do not heal naturally.
You are immune to poison.
You have razor-sharp teeth.
You have supernaturally acute eyesight. (SInv)
You can survive without breathing.


Message History

Harold gestures at you while chanting. The bolt of fire hits you!
* * * LOW HITPOINT WARNING * * *
Harold struggles against the net.
You hit Harold but do no damage.
Harold is poisoned.
You bite Harold, but do no damage. You hit Harold but do no damage.
Harold looks as sick as possible!
Your bite misses Harold.
Harold is lightly wounded.
You hit Harold.
Harold looks as sick as possible!
Harold is lightly wounded.
You catch the helpless Harold completely off-guard!
You bite Harold, and draw his blood!
You feel better.
You feel slightly less thirsty.
You impale Harold!! You bite Harold, but do no damage.
Harold is heavily wounded.
Harold gestures at you while chanting. The bolt of fire hits you!
Ouch! That really hurt!
You die...

..#....#...# #........#
..'....#..## #........#
..######..# #........#
..........# #........##
..........#######.........#
#####.....................#
# #.................##### #
#.........(.......# #
#..###+###.@@.....# # #..#
#....%...# # #..+
#........# # #..#
#........# # #..#
+........# #...>....#
##.......# #.......#
#........


You could see Harold (caught).

Vanquished Creatures
  2 two-headed ogres
  The ghost of mehakun the Grappler, a novice TrMo (D:8)
  Psyche (D:9)
  A hornet (D:9)
  Prince Ribbit (D:5)
  A hippogriff (D:9)
  A spriggan (D:7)
  2 hungry ghosts (D:7)
  Eustachio (D:5)
  The ghost of Granthy the Grave Robber, an amateur DsNe of Makhleb (D:3)
  A water moccasin (D:6)
  2 phantoms
  2 ice beasts (D:6)
  A hornet zombie (D:6)
  4 orc warriors
  A black bear (D:7)
  2 necrophages (D:5)
  A sky beast (D:7)
  2 ogres
  A centaur (D:6)
  Blork the orc (D:4)
  2 bullfrogs
  A water moccasin zombie (D:10)
  A wyvern zombie (D:7)
  3 scorpions
  11 killer bees
  3 wights (D:8)
  A howler monkey (D:6)
  3 crimson imps
  A bullfrog zombie (D:5)
  A quasit (D:4)
  3 hounds
  2 bullfrog skeletons
  2 orc priests
  3 jellies
  7 orc wizards
  10 worker ants
  A killer bee zombie (D:5)
  2 hound skeletons
  3 mummies
  Robin (D:3)
  2 howler monkey skeletons (D:5)
  A worker ant zombie (D:5)
  11 adders
  3 gnolls (D:5)
  2 shadow imps
  2 oozes
  4 adder skeletons
  7 worms
  2 dart slugs
  4 leopard geckos
  34 orcs
  8 giant cockroaches
  15 goblins
  7 hobgoblins
  7 jackals
  4 kobolds
  2 quokkas
  4 ball pythons
  7 bats
  6 frilled lizards
  A goblin zombie (D:7)
  A jackal skeleton (D:5)
  A kobold zombie (D:7)
  A leopard gecko skeleton (D:5)
  A quokka skeleton (D:7)
  8 rats
236 creatures vanquished.

Vanquished Creatures (others)
  A bat (D:1)
  A hobgoblin (D:3)
  A kobold (D:1)
  A withered plant (Ossuary)
4 creatures vanquished.

Grand Total: 240 creatures vanquished

Notes
Turn   | Place    | Note
-------+----------+-------------------------------------------
     0 | D:1      | Fymir27 the Vampire Enchanter began the quest for the Orb.
     0 | D:1      | Reached XP level 1. HP: 13/13 MP: 3/3
   230 | D:1      | Reached XP level 2. HP: 19/19 MP: 5/5
   270 | D:1      | Learned a level 2 spell: Ensorcelled Hibernation
  1047 | D:2      | Reached skill level 5 in Stealth
  1047 | D:2      | Reached XP level 3. HP: 24/24 MP: 3/6
  1150 | D:2      | Noticed a phantom
  1169 | D:1      | Learned a level 3 spell: Confuse
  1516 | D:1      | Killed a phantom
  1516 | D:1      | Reached skill level 5 in Hexes
  1516 | D:1      | Reached XP level 4. HP: 28/30 MP: 2/7
  1648 | D:2      | Reached XP level 5. HP: 35/35 MP: 5/8
  1902 | D:2      | Found a radiant altar of Vehumet.
  2366 | D:2      | Found a stormy altar of Qazlal.
  2832 | D:3      | Learned a level 3 spell: Tukima's Dance
  3618 | D:3      | Noticed Granthy's ghost (amateur DsNe)
  4099 | D:3      | Noticed Robin
  4799 | D:3      | Killed Granthy's ghost
  4799 | D:3      | Reached XP level 6. HP: 26/41 MP: 1/10
  4881 | D:3      | Killed Robin
  5516 | D:4      | Noticed Blork the orc
  5525 | D:4      | Killed Blork the orc
  5525 | D:4      | Reached skill level 1 in Ice Magic
  5525 | D:4      | Reached XP level 7. HP: 46/46 MP: 7/11
  5819 | D:4      | Found a shadowy altar of Dithmenos.
  5820 | D:4      | Found a sparkling altar of Nemelex Xobeh.
  6013 | D:5      | Entered Level 5 of the Dungeon
  6051 | D:5      | Noticed Prince Ribbit
  6237 | D:5      | Killed Prince Ribbit
  6477 | D:5      | Reached skill level 5 in Dodging
  6539 | D:5      | Reached XP level 8. HP: 51/52 MP: 10/12
  6775 | D:5      | Noticed Eustachio
  6854 | D:5      | Killed Eustachio
  6854 | D:5      | Reached skill level 5 in Short Blades
  8092 | D:6      | Reached XP level 9. HP: 56/57 MP: 7/13
  8402 | D:6      | Found a staircase to the Ecumenical Temple.
  8411 | D:6      | Reached skill level 1 in Shields
  8424 | D:6      | Reached skill level 10 in Stealth
  8447 | D:6      | Found Xesavyru's General Store.
  8727 | Temple   | Entered the Ecumenical Temple
  8882 | Temple   | Became a worshipper of Uskayaw the Reveler
  8976 | D:6      | Reached * piety under Uskayaw
  8988 | D:6      | Reached ** piety under Uskayaw
  9031 | D:6      | Bought a potion of degeneration for 14 gold pieces
  9112 | D:6      | Reached skill level 5 in Ice Magic
  9173 | D:7      | Reached *** piety under Uskayaw
  9174 | D:7      | Reached **** piety under Uskayaw
  9186 | D:7      | Reached skill level 10 in Hexes
  9186 | D:7      | Reached ***** piety under Uskayaw
  9439 | D:7      | Found a sand-covered staircase.
  9444 | Ossuary  | Entered an ossuary
  9563 | D:7      | Reached skill level 1 in Fighting
  9614 | D:7      | Reached skill level 1 in Invocations
 10055 | D:7      | Got a pitted shield
 10061 | D:7      | Identified the +0 shield "Litionen" {Int+2} (You found it on level 7 of the Dungeon)
 10340 | D:8      | Reached XP level 10. HP: 67/67 MP: 15/15
 10720 | D:8      | Noticed mehakun's ghost (novice TrMo)
 10731 | D:8      | Noticed a two-headed ogre
 10738 | D:8      | Killed mehakun's ghost
 10753 | D:8      | Killed a two-headed ogre
 10903 | D:8      | Found Maxoiphu's Food Boutique.
 10996 | D:9      | Noticed a two-headed ogre
 11004 | D:9      | Killed a two-headed ogre
 11014 | D:9      | Noticed Psyche
 11021 | D:9      | Killed Psyche
 11144 | D:9      | Found a white marble altar of Elyvilon.
 11231 | D:10     | Entered Level 10 of the Dungeon
 11947 | D:10     | Noticed Harold
 12046 | D:10     | Killed from afar by Harold

Skill      XL: |  1  2  3  4  5  6  7  8  9 10 |
---------------+-------------------------------+-----
Stealth        | 5 6 8 9 10 11 | 11.5
Short Blades   | 2 3 4 6 7 8 |  8.2
Dodging        | 3 4 5 |  5.0
Hexes          | 5 6 7 9 10 11 | 11.3
Spellcasting   | 3 4 |  4.8
Ice Magic      | 1 2 4 5 |  5.0
Shields        | 3 4 |  4.1
Fighting       | 1 3 |  3.3
Invocations    | 1 3 |  3.4

Action                   |  1- 3 |  4- 6 |  7- 9 | 10-12 || total
-------------------------+-------+-------+-------+-------++-------
Melee: Dagger            |    58 |   147 |   233 |   108 ||   546
       Bite              |     5 |     7 |    16 |     6 ||    34
       Whip              |     3 |       |       |       ||     3
Throw: Stone             |       |     1 |       |     1 ||     2
       Throwing net      |       |       |       |     1 ||     1
 Cast: Corona            |     7 |     6 |     1 |       ||    14
       Ensorcelled Hiber |    12 |    60 |    55 |    40 ||   167
       Confuse           |     4 |     9 |    44 |     8 ||    65
 Abil: End Transformatio |       |     2 |     1 |       ||     3
       Bat Form          |       |     2 |     1 |       ||     3
  Use: Scroll            |       |     3 |     4 |     2 ||     9
       Potion            |       |     3 |       |     1 ||     4
 Stab: Sleeping          |    15 |    51 |    71 |    35 ||   172
       Confused          |     3 |     4 |    24 |     8 ||    39
       Paralysed         |       |       |     2 |       ||     2
       Distracted        |       |       |       |     1 ||     1
       Held in net/web   |       |       |       |     1 ||     1
Armor: Robe              |     7 |    16 |     8 |     6 ||    37
Dodge: Dodged            |    26 |    76 |    89 |    42 ||   233
Block: Buckler           |       |       |     1 |    16 ||    17
